 Dungeon Crawl Stone Soup version 0.29-a0-414-g5075937ec3 (webtiles) character file.

Game seed: 18100947668651073819

1320 croobank the Sneak (level 8, 0/52 HPs)
             Began as an Octopode Fire Elementalist on May 16, 2022.
             Was an Initiate of Gozag.
             Slain by a water moccasin (5 damage)
             ... on level 6 of the Dungeon.
             The game lasted 00:14:53 (5398 turns).

croobank the Sneak (Octopode Fire Elementalist)     Turns: 5398, Time: 00:15:06

Health: 0/52       AC:  1    Str: 13    XL:     8   Next: 59%
Magic:  5/14       EV: 14    Int: 19    God:    Gozag
Gold:   349        SH:  0    Dex: 13    Spells: 4/15 levels left

rFire   + . .      SeeInvis .   c - +0 quarterstaff
rCold   . . .      Faith    .   (shield currently unavailable)
rNeg    + . .      Spirit   .   (helmet restricted)
rPois   +          Reflect  .   e - amulet of magic regeneration
rElec   .          Harm     .   g - ring of protection from fire
rCorr   +          Rampage  .   l - ring "Poskaem" {rPois rN+ rCorr Str+6}
Will    .....                   u - ring of resist corrosion
Stlth   ++++......              A - +4 ring of slaying
HPRegen 0.17/turn               (no ring)
MPRegen 0.54/turn               (no ring)
                                (no ring)
                                (no ring)

@: lethally poisoned (0 -> -3), gold aura
A: almost no armour, amphibious, 8 rings, camouflage 1, gelatinous body 1,
(nimble swimmer 1), tentacles
a: Renounce Religion, Potion Petition, Call Merchant, Bribe Branch


You were on level 6 of the Dungeon.
You worshipped Gozag.
Gozag was aware of your devotion.
You visited 2 branches of the dungeon, and saw 7 of its levels.

You collected 415 gold pieces.
You paid 66 gold pieces to Gozag.

Inventory:

Hand Weapons
 c - a +0 quarterstaff (weapon)
 o - a +2 war axe
 y - a +3 flail of protection
 F - a +5 battleaxe of freezing
Missiles
 b - 142 stones
 f - 4 atropa-tipped darts (quivered)
 q - 6 silver javelins
Armour
 D - a +0 kite shield
Jewellery
 e - an amulet of magic regeneration (around mantle)
 g - a ring of protection from fire (left tentacle)
 l - the ring "Poskaem" (right tentacle) {rPois rN+ rCorr Str+6}
   (You found it on level 2 of the Dungeon)

   [ring of positive energy]

   Str:       It affects your strength (+6).
   rPois:     It protects you from poison.
   rN:        It protects you from negative energy.
   rCorr:     It protects you from acid and corrosion.
 u - a ring of resist corrosion (on tentacle)
 v - an amulet of faith
 A - a +4 ring of slaying (on tentacle)
 G - an amulet of the acrobat
Wands
 t - a wand of iceblast (13)
 C - a wand of acid (13)
 E - a wand of digging (7)
Scrolls
 d - a scroll of fog
 m - a scroll of teleportation
 p - 3 scrolls of magic mapping
 r - 3 scrolls of fear
 s - 2 scrolls of summoning
 x - 2 scrolls of vulnerability {unknown}
Potions
 a - a potion of magic
 h - a potion of haste
 i - a potion of attraction
 j - 2 potions of heal wounds
 k - a potion of ambrosia
 n - 3 potions of might
 w - 2 potions of degeneration {unknown}
 z - 3 potions of curing {unknown}
 B - 2 potions of mutation {unknown}


   Skills:
 + Level 3.1 Fighting
 + Level 1.2 Axes
 + Level 4.5 Dodging
 + Level 6.6 Stealth
 + Level 4.3 Spellcasting
 + Level 4.1 Conjurations
 + Level 5.1 Fire Magic


You had 4 spell levels left.
You knew the following spells:

 Your Spells              Type           Power      Damage    Failure   Level
a - Foxfire               Conj/Fire      84%        2x1d8     1%          1
b - Scorch                Fire           46%        2d7       2%          2
c - Flame Wave            Conj/Fire      21%        2d7       21%         4
d - Cause Fear            Hex            2%         N/A       78%         4

Your spell library contained the following spells:

 Spells                   Type           Power      Damage    Failure   Level
 Conjure Flame            Conj/Fire      21%        6-21      6%          3
 Inner Flame              Hex/Fire       13%        N/A       14%         3
 Gell's Gravitas          Tloc           4%         N/A       36%         3
 Lesser Beckoning         Tloc           4%         N/A       36%         3
 Teleport Other           Tloc           4%         N/A       36%         3
 Dragon Form              Tmut           2%         N/A       100%        7
 Dragon's Call            Summ           2%         N/A       100%        9


Dungeon Overview and Level Annotations

Branches:
Dungeon (6/15)             Temple (1/1) D:4

Altars:
Ashenzari
Cheibriados
Dithmenos
Elyvilon
Fedhas
Gozag
Hepliaklqana
Makhleb
Nemelex Xobeh
Okawaru
Qazlal
Ru
Sif Muna
Trog
Vehumet
Wu Jian
Yredelemnul
Zin
The Shining One


Innate Abilities, Weirdness & Mutations

You cannot wear most types of armour.
You are amphibious.
You can wear up to eight rings at the same time.
Your skin changes colour to match your surroundings (Stealth+).
Your rubbery body absorbs attacks. (AC +1, EV +1)
((You are camouflaged when in or above water. (Stealth+)))
You have tentacles for arms and can constrict up to eight enemies at once.


Message History

The water moccasin's fire resistance burns away.
The orc is no longer distracted by gold.
The water moccasin bites you.
You are poisoned.
The water moccasin poisons you! The orc barely misses you. x2
The water moccasin closely misses you.
Casting: Scorch (safe; 2% risk of failure)
Confirm with . or Enter, or press ? or * to list all spells.
Flames lash the orc but do no damage.
You feel very sick. The water moccasin bites you.
The orc hits you with a +0 whip. The orc barely misses you.
Casting: Scorch (safe; 2% risk of failure)
Confirm with . or Enter, or press ? or * to list all spells.
Flames lash the orc.
You kill the orc!
You feel sick. The water moccasin closely misses you.
The orc hits you with a +0 flail!
Casting: Scorch (safe; 2% risk of failure)
Confirm with . or Enter, or press ? or * to list all spells.
Flames lash the water moccasin.
The water moccasin is burned terribly!
The water moccasin is almost dead.
You feel sick. The water moccasin bites you! The orc misses you.
The water moccasin barely misses you.
Casting: Scorch (safe; 2% risk of failure)
Confirm with . or Enter, or press ? or * to list all spells.
Flames lash the orc.
The orc is heavily wounded.
The orc's fire resistance burns away.
You feel sick.
The water moccasin completely misses you.
The orc misses you.
Casting: Scorch (safe; 2% risk of failure)
Confirm with . or Enter, or press ? or * to list all spells.
Flames lash the orc.
The orc is burned terribly!
You kill the orc!
You feel sick. The water moccasin bites you!
* * * LOW HITPOINT WARNING * * *
The water moccasin bites you.
You die...
Your body crumbles into a pile of gold.

#.##.. ....
#..... ##...
##.... #...#
##... #...# #...
##... ###...
#...# #.....
#$$S# #.####
#.@###########.#
##.............#
###############


You could see a water moccasin (combustible).

Vanquished Creatures
  A black bear (D:6)
  An ice beast (D:6)
  2 ogres
  2 phantoms
  A kobold brigand (D:6)
  A scorpion (D:6)
  5 wights (D:6)
  3 jellies
  3 hounds
  2 iguanas (D:5)
  Jessica (D:3)
  6 adders
  A white imp (D:6)
  A worm (D:2)
  2 dart slugs
  10 orcs
  7 bats
  8 endoplasms
  2 giant cockroaches
  9 hobgoblins
  7 jackals
  6 quokkas
  9 ball pythons
  2 frilled lizards (D:2)
  4 goblins
  11 kobolds
  3 rats
110 creatures vanquished.

Vanquished Creatures (others)
  153 foxfires
153 creatures vanquished.

Grand Total: 263 creatures vanquished

Notes
Turn   | Place    | Note
-------+----------+-------------------------------------------
     0 | D:1      | croobank the Octopode Fire Elementalist began the quest for
                  | the Orb.
     0 | D:1      | Reached XP level 1. HP: 11/11 MP: 3/3
   206 | D:1      | Reached XP level 2. HP: 17/17 MP: 1/5
   208 | D:1      | Reached skill level 3 in Stealth
   212 | D:1      | Learned a level 2 spell: Scorch
   476 | D:1      | Found a faded altar of an unknown god.
  1242 | D:2      | Reached XP level 3. HP: 17/21 MP: 6/6
  1516 | D:2      | Found a burning altar of Makhleb.
  1577 | D:2      | Reached XP level 4. HP: 27/27 MP: 7/7
  1757 | D:2      | Identified the ring "Poskaem" {rPois rN+ rCorr Str+6}
  2168 | D:3      | Noticed an ogre
  2174 | D:3      | Killed an ogre
  2175 | D:3      | Reached skill level 4 in Stealth
  2175 | D:3      | Reached XP level 5. HP: 10/31 MP: 1/9
  2324 | D:3      | Noticed Jessica
  2326 | D:3      | Killed Jessica
  2533 | D:3      | Found a radiant altar of Vehumet.
  2803 | D:3      | Reached XP level 6. HP: 34/36 MP: 10/10
  2842 | D:3      | Found a faded altar of an unknown god.
  2843 | D:3      | You fall into a shaft and drop 1 floor!
  2913 | D:3      | Found a hazy altar of Hepliaklqana.
  3192 | D:4      | Found an iron altar of Okawaru.
  3345 | D:4      | Learned a level 4 spell: Flame Wave
  3384 | D:4      | Found a staircase to the Ecumenical Temple.
  3412 | D:5      | Entered Level 5 of the Dungeon
  3433 | D:5      | Reached skill level 5 in Stealth
  3514 | Temple   | Entered the Ecumenical Temple
  3657 | Temple   | Became a worshipper of Gozag Ym Sagoz the Greedy
  3881 | D:4      | Reached skill level 1 in Fighting
  4182 | D:5      | Reached XP level 7. HP: 43/43 MP: 12/12
  4275 | D:5      | Identified the +6 short sword of the Grinning Seeker
                  | {vorpal, rF+ Will++ MP+9 Dex+4}
  4778 | D:6      | Learned a level 4 spell: Cause Fear
  4934 | D:6      | Reached skill level 6 in Stealth
  4934 | D:6      | Reached XP level 8. HP: 51/51 MP: 5/14
  5003 | D:6      | Reached skill level 5 in Fire Magic
  5317 | D:6      | Reached skill level 1 in Axes
  5398 | D:6      | Slain by a water moccasin

Illustrated notes

Levels and vault maps discovered:
D:1:      minmay_arrival_three_doors, layout_basic,
          chequers_ecumenical_altar_island
D:2:      layout_rooms, basic_altar, serial_bayou_pond_a
D:3:      layout_loops_ring, mainiacjoe_overflow_surrounded_room,
          nicolae_overflow_ecumenical_swirl, uniq_jessica
D:4:      layout_basic, okawaru_metal_pillars_1_2,
          minmay_temple_entry_mini_moons, due_unseen_surprise
D:5:      layout_cave_pods
D:6:      layout_rooms, kiku_gazebo_pond_becter, serial_curves, eino_curves_01,
          eino_curves_04
Temple:   eino_temple_scatter_basement

Skill      XL: |  1  2  3  4  5  6  7  8 |
---------------+-------------------------+-----
Stealth        | 3 4 5 6 |  6.6
Conjurations   | 2 3 4 |  4.1
Dodging        | 3 4 |  4.5
Spellcasting   | 3 4 |  4.3
Fire Magic     | 4 5 |  5.1
Fighting       | 1 2 3 |  3.1
Axes           | 1 |  1.2

Action                   |  1- 3 |  4- 6 |  7- 9 || total
-------------------------+-------+-------+-------++-------
Melee: Quarterstaff      |    10 |    22 |     7 ||    39
       Constrict         |     2 |     3 |     2 ||     7
       Unarmed           |     1 |       |       ||     1
       Tentacles         |       |     3 |     2 ||     5
 Cast: Foxfire           |    27 |    35 |    21 ||    83
       Scorch            |    14 |    35 |    44 ||    93
  Use: Scroll            |     4 |     5 |     5 ||    14
 Stab: Sleeping          |       |     4 |     1 ||     5
Armor: Skin              |     1 |     2 |       ||     3
Dodge: Dodged            |    15 |    19 |    20 ||    54

Table legend: (Time is in decaauts)
 A = Elapsed time spent in this place.
 B = Non-inter-level travel time spent in this place.
 C = Inter-level travel time spent in this place.
 D = Time resting spent in this place.
 E = Time spent auto-exploring this place.
 F = Levels seen in this place.
 G = Mean time per level.
                   A        B        C        D        E       F      G
               +--------+--------+--------+--------+--------+-----+--------+
         Total |   5410 |   5206 |    204 |    543 |   3799 |   7 |  772.9 |
       Dungeon |   5214 |   5025 |    189 |    543 |   3642 |   6 |  869.0 |
        Temple |    195 |    180 |     15 |      0 |    157 |   1 |  195.0 |
               +--------+--------+--------+--------+--------+-----+--------+

Top non-repeatable levels by time:
     D:1: 1234 daAuts
     D:3: 1112 daAuts
     D:5: 839 daAuts
     D:2: 719 daAuts
     D:4: 677 daAuts
     D:6: 630 daAuts
  Temple: 195 daAuts
